Harfangs vs Diables (R1)

Created - November 25, 2019 at 19:16

Goals
1 2 3 T
Harfangs 2 0 3 5
Diables 3 2 2 7
Shots
1 2 3 T
Harfangs 10 8 28 46
Diables 18 12 3 33

1st period

1. Diables , Brandon Prust 14 (Mark Jankowski 4, Will Butcher 6) at 2:54
2. Harfangs , Morgan Klimchuk 4 (Nick Sorensen 2) at 11:54
3. Diables , Daniel Zaar 3 (Zac Leslie 2) at 14:47
4. Diables , Brock McGinn 5 (Mikko Lehtonen 7, Tim Schaller 6) at 15:49 (PP)
5. Harfangs , Tyler Randell 9 (Michael Bournival 8) at 18:44

Penalties :
Reid McNeill (BEA) for Hooking (Minor) at 15:12, Calle Jarnkrok (BEA) for Roughing (Minor) at 17:57, Mark Jankowski (Alm) for Slashing (Minor) at 18:23

2nd period

6. Diables , Daniel Zaar 4 (Brandon Prust 6) at 8:46
7. Diables , Christian Thomas 2 (Mikko Lehtonen 8, Samuel Morin 7) at 15:05

Penalties :
Daniel Zaar (Alm) for Slashing (Minor) at 4:07, Brett Lernout (Alm) for Hooking (Minor) at 12:50, Ryan Hartman (BEA) for Roughing (Minor) at 15:22, Erik Nystrom (BEA) for Cross-checking (Minor) at 18:32, Mark Jankowski (Alm) for Charging (Minor) at 19:08, Tyler Randell (BEA) for Hooking (Minor) at 19:31

3rd period

8. Diables , Mark Jankowski 3 (Tim Schaller 7, Will Butcher 7) at 1:15 (PP)
9. Harfangs , Brendan Leipsic 3 (Michael Bournival 9, Calle Jarnkrok 18) at 7:03
10. Harfangs , Tyler Randell 10 (Calle Jarnkrok 19, Andreas Martinsen 12) at 10:00 (PP)
11. Harfangs , Michael Bournival 9 (Dylan Olsen 6, Calle Jarnkrok 20) at 11:58 (PP)
12. Diables , Mark Jankowski 4 (Zac Leslie 3, Tobias Rieder 12) at 16:38 (PP)

Penalties :
Brandon Prust (Alm) for Fighting (Major) at 3:10, Tyler Randell (BEA) for Fighting (Major) at 3:10, Brock McGinn (Alm) for Elbowing (Minor) at 3:27, Zac Leslie (Alm) for Hooking (Minor) at 8:55, Tobias Rieder (Alm) for Hooking (Minor) at 10:21, Blake Heinrich (BEA) for Holding (Minor) at 16:31, Dylan Olsen (BEA) for Boarding (Minor) at 17:07

Goalie Stats

Anton Forsberg (BEA), 26 saves from 33 shots - (0.788), L, 5-4-1, 60:00 minutes
Eric Comrie (Alm), 41 saves from 46 shots - (0.891), W, 8-3-1, 60:00 minutes

Players Stats for Harfangs

Player Name              G  A  P  +/- PIM S  H  SB GA TA FO     MP     PP MP  PK MP  
------------------------------------------------------------------------------------
Andreas Martinsen        0  1  1   0  0   1  1  0  1  1  2/2    16:11   2:17   1:59 
Anthony Angello          0  0  0   0  0   0  0  0  0  0  0/0     0:00   0:00   0:00 
Blake Heinrich           0  0  0   0  2   0  0  0  0  1  0/0    10:24   0:00   1:55 
Brendan Leipsic          1  0  1   1  0   1  0  0  0  0  0/1     3:41   0:55   0:00 
Brenden Kichton          0  0  0   0  0   0  0  1  0  0  0/0     8:30   0:00   0:00 
Calle Jarnkrok           0  3  3   0  2   6  1  0  1  0  21/35  21:23   6:51   0:51 
Chase De Leo             0  0  0   0  0   0  0  0  0  0  0/0     0:53   0:32   0:08 
Cristoval Nieves         0  0  0  -1  0   1  1  0  0  0  5/8     9:07   0:00   0:00 
Devon Teows              0  0  0   0  0   0  1  0  0  0  0/0     4:19   0:00   0:00 
Dylan Olsen              0  1  1   0  2   3  2  0  1  2  0/0    27:42   7:40   3:40 
Erik Nystrom             0  0  0  -1  2   0  1  0  0  1  0/0     9:07   0:00   0:00 
Jake Dotchin             0  0  0  -1  0   1  1  1  0  0  0/0    18:27   1:25   1:54 
JC Lipon                 0  0  0   0  0   0  0  0  0  0  2/4     2:06   0:20   1:46 
Justin Kirkland          0  0  0   0  0   0  0  0  0  0  0/0     0:00   0:00   0:00 
Laurent Dauphin          0  0  0  -1  0   1  0  0  0  0  0/3     7:04   0:00   0:00 
Mark Alt                 0  0  0  -1  0   1  2  1  0  0  0/0    18:27   1:25   1:54 
Michael Bournival        1  2  3   1  0   13 0  1  1  0  0/2    25:54   6:28   3:40 
Morgan Klimchuk          1  0  1  -1  0   3  0  0  1  0  0/0     7:17   0:00   0:13 
Nick Sorensen            0  1  1  -1  0   2  1  0  0  0  0/0     7:04   0:00   0:00 
Oscar Sundqvist          0  0  0   0  0   2  1  0  0  0  8/11   14:15   2:14   0:35 
Reid McNeill             0  0  0   0  2   2  1  1  1  0  0/0    28:06   7:40   4:21 
Rinat Valiev             0  0  0   0  0   0  0  0  0  0  0/0     4:19   0:00   0:00 
Ryan Hartman             0  0  0   0  2   1  0  1  0  0  1/2    13:34   2:14   0:00 
Sven Andrighetto         0  0  0  -1  0   1  0  0  1  0  0/0     9:07   0:00   0:00 
Tyler Randell            2  0  2   0  7   7  2  1  0  0  6/10   22:31   5:24   3:32 

Players Stats for Diables

Player Name              G  A  P  +/- PIM S  H  SB GA TA FO     MP     PP MP  PK MP  
------------------------------------------------------------------------------------
Brandon Prust            1  1  2   3  5   3  1  0  0  0  2/3    15:44   2:12   2:32 
Brett Lernout            0  0  0   0  2   1  1  0  0  0  0/0    11:13   0:00   0:24 
Brock McGinn             1  0  1   0  2   3  0  0  1  1  0/1    18:27   3:18   1:07 
C.J Suess                0  0  0  -1  0   0  1  1  0  0  0/0     7:03   0:00   0:01 
Carl Gunnarsson          0  0  0  -1  0   1  2  1  0  1  0/0    31:02   3:57   5:33 
Chris Bigras             0  0  0   0  0   0  1  0  0  0  0/0    10:45   0:00   0:00 
Christian Thomas         1  0  1   0  0   1  1  0  0  0  0/0    11:09   0:14   1:11 
Daniel Zaar              2  0  2   3  2   4  0  1  1  0  1/2    11:27   0:14   0:00 
Frederik Gauthier        0  0  0   0  0   0  2  0  0  1  4/8    11:27   0:00   1:53 
Griffin Reinhart         0  0  0   0  0   0  0  0  0  0  0/0     0:00   0:00   0:00 
Louis Leblanc            0  0  0   3  0   1  1  0  0  0  6/13   10:36   0:00   0:00 
Mark Jankowski           2  1  3  -1  4   4  2  0  2  0  2/4    11:09   2:18   1:16 
Mikko Lehtonen           0  2  2   0  0   3  2  0  0  0  0/1    13:09   3:18   0:00 
Nicolas Aube-Kubel       0  0  0  -1  0   0  1  0  0  1  0/0     7:33   0:14   0:00 
Samuel Morin             0  1  1  -1  0   3  3  0  0  1  0/0    31:02   3:57   5:33 
Tim Schaller             0  2  2  -1  0   3  6  1  1  0  18/44  25:43   3:26   5:31 
Tobias Rieder            0  1  1  -1  2   5  1  0  0  0  0/2    23:45   2:20   4:39 
Will Butcher             0  2  2   2  0   0  1  0  0  2  0/0    18:13   1:55   3:32 
Zac Leslie               0  2  2   2  2   1  0  1  0  0  0/0    17:48   1:55   3:08 

3 Stars

1 - Daniel Zaar (Alm)
2 - Michael Bournival (BEA)
3 - Mark Jankowski (Alm)

Power Play

Harfangs - 2 on 7 Attempt(s) - 28.57%
Diables - 3 on 7 Attempt(s) - 42.86%

Penalty Kill

Harfangs - 4 on 7 Attempt(s) - 57.14% - Score 0 goal in Penalty Kill
Diables - 5 on 7 Attempt(s) - 71.43% - Score 0 goal in Penalty Kill

Team Stat

Harfangs - Hits : 15 - Faceoff Wins : 45 - Blocked Shots : 7 - Penalty Minutes : 19
Diables - Hits : 26 - Faceoff Wins : 33 - Blocked Shots : 5 - Penalty Minutes : 19

Official

Referees : Unknown
Linesman : Unknown

Game Notes

Brandon Prust beats up Tyler Randell at 3:10 of 3rd period

Finance

Level 1 -- Attendance: 1613 (80.65%) -- Ticket Income $64,520
Level 2 -- Attendance: 717 (71.70%) -- Ticket Income $14,340
Total Attendance: 2330 (77.67%)
Total Ticket Income: $78,860
Other Income: $3,943
Total Income: $82,803

Harfangs

5 vs 5 Forward 
   Center                   Left Wing                Right Wing               Time % Phy DF OF 
 1 Calle Jarnkrok           Michael Bournival        Tyler Randell            40     1   2  2  
 2 Oscar Sundqvist          Andreas Martinsen        Ryan Hartman             30     1   2  2  
 3 Cristoval Nieves         Erik Nystrom             Sven Andrighetto         20     1   2  2  
 4 Laurent Dauphin          Morgan Klimchuk          Nick Sorensen            10     1   2  2  

5 vs 5 Defense 
   Defense                  Defense                                           Time % Phy DF OF 
 1 Dylan Olsen              Reid McNeill                                      40     1   2  2  
 2 Jake Dotchin             Mark Alt                                          30     1   2  2  
 3 Brenden Kichton          Blake Heinrich                                    20     1   2  2  
 4 Devon Teows              Rinat Valiev                                      10     1   2  2  

PowerPlay Forward 
   Center                   Left Wing                Right Wing               Time % Phy DF OF 
 1 Calle Jarnkrok           Michael Bournival        Tyler Randell            60     1   2  2  
 2 Oscar Sundqvist          Andreas Martinsen        Ryan Hartman             40     1   2  2  

PowerPlay Defense
   Defense                  Defense                                           Time % Phy DF OF 
 1 Dylan Olsen              Reid McNeill                                      60     1   2  2  
 2 Jake Dotchin             Mark Alt                                          40     1   2  2  

Penalty Kill 4 Players Forward 
   Center                   Wing                     Time % Phy DF OF 
 1 Tyler Randell            Michael Bournival        60     1   2  2  
 2 Andreas Martinsen        Calle Jarnkrok           40     1   2  2  

Penalty Kill 4 Players Defense
   Defense                  Defense                  Time % Phy DF OF 
 1 Dylan Olsen              Reid McNeill             60     1   2  2  
 2 Jake Dotchin             Mark Alt                 40     1   2  2  

Penalty Kill - 3 Players Forward 
   Forward                                           Time % Phy DF OF 
 1 Tyler Randell                                     60     1   2  2  
 2 Michael Bournival                                 40     1   2  2  

Penalty Kill - 3 Players Defense
   Defense                  Defense                  Time % Phy DF OF 
 1 Dylan Olsen              Reid McNeill             60     1   2  2  
 2 Jake Dotchin             Mark Alt                 40     1   2  2  

4 vs 4 Forward 
   Center                   Wing                     Time % Phy DF OF 
 1 Tyler Randell            Michael Bournival        60     1   2  2  
 2 Andreas Martinsen        Calle Jarnkrok           40     1   2  2  

4 vs 4 Defense
   Defense                  Defense                  Time % Phy DF OF 
 1 Dylan Olsen              Reid McNeill             60     1   2  2  
 2 Jake Dotchin             Mark Alt                 40     1   2  2  

Last Minutes Offensive
   Center                   Left Wing                Right Wing               Defense                  Defense                  
   Calle Jarnkrok           Michael Bournival        Tyler Randell            Dylan Olsen              Reid McNeill             

Last Minutes Defensive
   Center                   Left Wing                Right Wing               Defense                  Defense                  
   Calle Jarnkrok           Michael Bournival        Tyler Randell            Dylan Olsen              Reid McNeill             

Goaltenders
Starting : Anton Forsberg           
Backup : Ilya Sorokin             

Extra Forwards
Normal : Brendan Leipsic, Chase De Leo, JC Lipon - PP : Brendan Leipsic, Chase De Leo - PK : JC Lipon
Extra Defensemen
Normal : Brenden Kichton, Blake Heinrich, Devon Teows - PP : Brenden Kichton - PK : Blake Heinrich, Devon Teows
Penalty Shots
Tyler Randell, Michael Bournival, Andreas Martinsen, Calle Jarnkrok, Oscar Sundqvist

Scratches
Lucas Wallmarkk (Sprained Left Ankle Injury), Victor Bartley (Right Leg Injury), Jason Kasdorf (Healthy), Mark Visentin (Healthy), Scott Wedgewood (Healthy)
Zachary Fucale (Healthy)

Diables

5 vs 5 Forward 
   Center                   Left Wing                Right Wing               Time % Phy DF OF 
 1 Tim Schaller             Brock McGinn             Tobias Rieder            40     1   2  2  
 2 Louis Leblanc            Brandon Prust            Daniel Zaar              30     1   2  2  
 3 Frederik Gauthier        Christian Thomas         Mikko Lehtonen           20     1   2  2  
 4 Mark Jankowski           C.J Suess                Nicolas Aube-Kubel       10     1   2  2  

5 vs 5 Defense 
   Defense                  Defense                                           Time % Phy DF OF 
 1 Carl Gunnarsson          Samuel Morin                                      40     1   2  2  
 2 Will Butcher             Zac Leslie                                        30     1   2  2  
 3 Chris Bigras             Brett Lernout                                     20     1   2  2  
 4 Carl Gunnarsson          Samuel Morin                                      10     1   2  2  

PowerPlay Forward 
   Center                   Left Wing                Right Wing               Time % Phy DF OF 
 1 Tim Schaller             Brock McGinn             Mikko Lehtonen           60     1   2  2  
 2 Mark Jankowski           Brandon Prust            Tobias Rieder            40     1   2  2  

PowerPlay Defense
   Defense                  Defense                                           Time % Phy DF OF 
 1 Carl Gunnarsson          Samuel Morin                                      60     1   2  2  
 2 Will Butcher             Zac Leslie                                        40     1   2  2  

Penalty Kill 4 Players Forward 
   Center                   Wing                     Time % Phy DF OF 
 1 Tim Schaller             Tobias Rieder            60     1   2  2  
 2 Brock McGinn             Brandon Prust            40     1   2  2  

Penalty Kill 4 Players Defense
   Defense                  Defense                  Time % Phy DF OF 
 1 Carl Gunnarsson          Samuel Morin             60     1   2  2  
 2 Will Butcher             Zac Leslie               40     1   2  2  

Penalty Kill - 3 Players Forward 
   Forward                                           Time % Phy DF OF 
 1 Tim Schaller                                      60     1   2  2  
 2 Tobias Rieder                                     40     1   2  2  

Penalty Kill - 3 Players Defense
   Defense                  Defense                  Time % Phy DF OF 
 1 Carl Gunnarsson          Samuel Morin             60     1   2  2  
 2 Will Butcher             Zac Leslie               40     1   2  2  

4 vs 4 Forward 
   Center                   Wing                     Time % Phy DF OF 
 1 Tim Schaller             Tobias Rieder            60     1   2  2  
 2 Brock McGinn             Brandon Prust            40     1   2  2  

4 vs 4 Defense
   Defense                  Defense                  Time % Phy DF OF 
 1 Carl Gunnarsson          Samuel Morin             60     1   2  2  
 2 Will Butcher             Zac Leslie               40     1   2  2  

Last Minutes Offensive
   Center                   Left Wing                Right Wing               Defense                  Defense                  
   Louis Leblanc            Brock McGinn             Tobias Rieder            Carl Gunnarsson          Samuel Morin             

Last Minutes Defensive
   Center                   Left Wing                Right Wing               Defense                  Defense                  
   Louis Leblanc            Brock McGinn             Tobias Rieder            Carl Gunnarsson          Samuel Morin             

Goaltenders
Starting : Eric Comrie              
Backup : Igor Shesterkin          

Extra Forwards
Normal : Mikko Lehtonen, Daniel Zaar, Frederik Gauthier - PP : Mikko Lehtonen, Daniel Zaar - PK : Frederik Gauthier
Extra Defensemen
Normal : Chris Bigras, Brett Lernout, Will Butcher - PP : Chris Bigras - PK : Brett Lernout, Will Butcher
Penalty Shots
Tim Schaller, Tobias Rieder, Brock McGinn, Brandon Prust, Mikko Lehtonen

Scratches
Stephen Harper (Healthy), Emil Djuse (Healthy), Jordan Caron (Bruised Right Leg Injury), Cole Cassels (Healthy), Jeremy Gregoire (Healthy)
Connor Hurley (Healthy), Gustav Olofsson (Healthy), Andreas Johnsson (Healthy), Brett Ritchie (Healthy), Artturi Lehkonen (Healthy)
Anders Bjork (Healthy), Marc-André Bourdon (Healthy), Hunter Smith (Healthy), Jack Campbell (Healthy)

% Time on Ice - Harfangs

Lines # - Real PCT - Wanted PCT - Time Play
Normal Forward
1 - 34% - 40% - 14:12
2 - 27% - 30% - 11:08
3 - 22% - 20% - 9:07
4 - 17% - 10% - 7:04
Normal Defense
1 - 35% - 40% - 14:39
2 - 34% - 30% - 14:03
3 - 20% - 20% - 8:30
4 - 10% - 10% - 4:19
PP Forward
1 - 75% - 60% - 6:48
2 - 25% - 40% - 2:17
PP Defense
1 - 84% - 60% - 7:40
2 - 16% - 40% - 1:25
PK Forward
1 - 84% - 60% - 4:54
2 - 16% - 40% - 0:58
PK Defense
1 - 68% - 60% - 3:58
2 - 32% - 40% - 1:54
PK3 Forward
1 - 100% - 60% - 1:00
2 - 0% - 40% - 0:00
PK3 Defense
1 - 100% - 60% - 1:00
2 - 0% - 40% - 0:00
44 Forward
1 - 80% - 60% - 2:02
2 - 20% - 40% - 0:30
44 Defense
1 - 57% - 60% - 1:27
2 - 43% - 40% - 1:05
Last Minute Offensive  - 0:00
Last Minute Defensive  - 0:00
Total
Forward - 60:00
Defense - 60:00

% Time on Ice - Diables

Lines # - Real PCT - Wanted PCT - Time Play
Normal Forward
1 - 35% - 40% - 14:43
2 - 26% - 30% - 10:51
3 - 22% - 20% - 9:10
4 - 16% - 10% - 6:47
Normal Defense
1 - 42% - 40% - 17:31
2 - 29% - 30% - 11:56
3 - 26% - 20% - 10:45
4 - 3% - 10% - 1:19
PP Forward
1 - 63% - 60% - 3:40
2 - 38% - 40% - 2:12
PP Defense
1 - 67% - 60% - 3:57
2 - 33% - 40% - 1:55
PK Forward
1 - 78% - 60% - 7:06
2 - 22% - 40% - 1:59
PK Defense
1 - 61% - 60% - 5:33
2 - 39% - 40% - 3:32
PK3 Forward
1 - 0% - 60%
2 - 0% - 40%
PK3 Defense
1 - 0% - 60%
2 - 0% - 40%
44 Forward
1 - 82% - 60% - 2:53
2 - 18% - 40% - 0:39
44 Defense
1 - 76% - 60% - 2:42
2 - 24% - 40% - 0:50
Last Minute Offensive  - 0:00
Last Minute Defensive  - 0:00
Total
Forward - 60:00
Defense - 60:00

Play-by-Play

1st period


0:01 of 1st period - Calle Jarnkrok wins face-off versus Tim Schaller in neutral zone.
0:13 of 1st period - Snap shot by Dylan Olsen.
0:13 of 1st period - Shot Misses the Net.
0:53 of 1st period - Wrist shot by Mark Jankowski.
0:53 of 1st period - Stopped by Anton Forsberg with a rebound.
0:55 of 1st period - Snap shot by Brett Lernout.
0:55 of 1st period - Stopped by Anton Forsberg without a rebound.
0:56 of 1st period - Frederik Gauthier wins face-off versus Laurent Dauphin in Harfangs zone.
1:11 of 1st period - Morgan Klimchuk is hit by Mikko Lehtonen and loses puck.
1:22 of 1st period - Wrist shot by Brandon Prust.
1:22 of 1st period - Stopped by Anton Forsberg without a rebound.
1:23 of 1st period - Louis Leblanc wins face-off versus Calle Jarnkrok in Harfangs zone.
1:26 of 1st period - Snap shot by Daniel Zaar.
1:26 of 1st period - Shot Misses the Net.
1:28 of 1st period - Slapshot by Samuel Morin.
1:28 of 1st period - Stopped by Anton Forsberg with a rebound.
2:52 of 1st period - Snap shot by Mark Jankowski.
2:52 of 1st period - Stopped by Anton Forsberg with a rebound.
2:54 of 1st period - Slapshot by Brandon Prust.
2:54 of 1st period - Goal by Brandon Prust - Harfangs : 0 - Diables : 1.
2:55 of 1st period - Tim Schaller wins face-off versus Michael Bournival in neutral zone.
3:02 of 1st period - Wrist shot by Brock McGinn.
3:02 of 1st period - Stopped by Anton Forsberg with a rebound.
3:04 of 1st period - Snap shot by Tim Schaller.
3:04 of 1st period - Stopped by Anton Forsberg with a rebound.
3:23 of 1st period - Off-side.
3:24 of 1st period - Oscar Sundqvist wins face-off versus Louis Leblanc in neutral zone.
3:49 of 1st period - Brett Lernout is hit by Erik Nystrom and loses puck.
4:00 of 1st period - Snap shot by Louis Leblanc.
4:00 of 1st period - Deflect By Reid McNeill.
4:00 of 1st period - Stopped by Anton Forsberg without a rebound.
4:01 of 1st period - Calle Jarnkrok wins face-off versus Tim Schaller in Harfangs zone.
4:50 of 1st period - Frederik Gauthier is hit by Andreas Martinsen and loses puck.
5:07 of 1st period - Slapshot by Nick Sorensen.
5:07 of 1st period - Stopped by Eric Comrie without a rebound.
5:08 of 1st period - Louis Leblanc wins face-off versus Laurent Dauphin in Diables zone.
5:33 of 1st period - Frederik Gauthier is hit by Jake Dotchin and loses puck.
7:10 of 1st period - Off-side.
7:11 of 1st period - Mark Jankowski wins face-off versus Ryan Hartman in neutral zone.
7:24 of 1st period - Snap shot by Andreas Martinsen.
7:24 of 1st period - Shot Misses the Net.
7:37 of 1st period - Andreas Martinsen is hit by C.J Suess and loses puck.
7:45 of 1st period - Off-side.
7:46 of 1st period - Tim Schaller wins face-off versus Calle Jarnkrok in neutral zone.
7:51 of 1st period - Snap shot by Tim Schaller.
7:51 of 1st period - Shot Blocked by Brenden Kichton.
7:53 of 1st period - Slapshot by Samuel Morin.
7:53 of 1st period - Stopped by Anton Forsberg without a rebound.
7:54 of 1st period - Calle Jarnkrok wins face-off versus Tim Schaller in Harfangs zone.
8:04 of 1st period - Off-side.
8:05 of 1st period - Calle Jarnkrok wins face-off versus Tim Schaller in neutral zone.
8:14 of 1st period - Wrist shot by Tyler Randell.
8:14 of 1st period - Stopped by Eric Comrie without a rebound.
8:15 of 1st period - Calle Jarnkrok wins face-off versus Tim Schaller in Diables zone.
8:32 of 1st period - Wrist shot by Tim Schaller.
8:32 of 1st period - Shot Misses the Net.
8:34 of 1st period - Snap shot by Samuel Morin.
8:34 of 1st period - Shot Misses the Net.
8:36 of 1st period - Slapshot by Carl Gunnarsson.
8:36 of 1st period - Deflect By Tyler Randell.
8:36 of 1st period - Stopped by Anton Forsberg with a rebound.
8:50 of 1st period - Snap shot by Tyler Randell.
8:50 of 1st period - Stopped by Eric Comrie with a rebound.
9:17 of 1st period - Tyler Randell is hit by Tim Schaller and loses puck.
9:34 of 1st period - Snap shot by Brock McGinn.
9:34 of 1st period - Shot Misses the Net.
10:47 of 1st period - Snap shot by Tim Schaller.
10:47 of 1st period - Stopped by Anton Forsberg with a rebound.
10:56 of 1st period - Slapshot by Tobias Rieder.
10:56 of 1st period - Stopped by Anton Forsberg without a rebound.
10:57 of 1st period - Oscar Sundqvist wins face-off versus Louis Leblanc in Harfangs zone.
11:33 of 1st period - Snap shot by Sven Andrighetto.
11:33 of 1st period - Stopped by Eric Comrie with a rebound.
11:47 of 1st period - Mark Jankowski is hit by Nick Sorensen and loses puck.
11:52 of 1st period - Snap shot by Nick Sorensen.
11:52 of 1st period - Shot Misses the Net.
11:54 of 1st period - Slapshot by Morgan Klimchuk.
11:54 of 1st period - Goal by Morgan Klimchuk - Harfangs : 1 - Diables : 1.
11:55 of 1st period - Ryan Hartman wins face-off versus Brandon Prust in neutral zone.
12:02 of 1st period - Slapshot by Oscar Sundqvist.
12:02 of 1st period - Deflect By Andreas Martinsen.
12:02 of 1st period - Stopped by Eric Comrie with a rebound.
12:20 of 1st period - Sven Andrighetto is hit by Christian Thomas and loses puck.
13:13 of 1st period - Erik Nystrom is hit by Frederik Gauthier and loses puck.
13:30 of 1st period - Morgan Klimchuk is hit by Brett Lernout.
13:49 of 1st period - Icing by Daniel Zaar.
13:50 of 1st period - Louis Leblanc wins face-off versus Cristoval Nieves in Diables zone.
14:31 of 1st period - Wrist shot by Sven Andrighetto.
14:31 of 1st period - Shot Misses the Net.
14:45 of 1st period - Snap shot by Daniel Zaar.
14:45 of 1st period - Stopped by Anton Forsberg with a rebound.
14:47 of 1st period - Slapshot by Daniel Zaar.
14:47 of 1st period - Goal by Daniel Zaar - Harfangs : 1 - Diables : 2.
14:48 of 1st period - Oscar Sundqvist wins face-off versus Louis Leblanc in neutral zone.
14:50 of 1st period - Off-side.
14:51 of 1st period - Brandon Prust wins face-off versus Oscar Sundqvist in neutral zone.
15:12 of 1st period - Minor Penalty to Reid McNeill for Hooking.
15:13 of 1st period - Tyler Randell wins face-off versus Tim Schaller in Harfangs zone.
15:38 of 1st period - Michael Bournival is hit by Tim Schaller and loses puck.
15:45 of 1st period - Snap shot by Brock McGinn.
15:45 of 1st period - Shot Misses the Net.
15:47 of 1st period - Snap shot by Mikko Lehtonen.
15:47 of 1st period - Stopped by Anton Forsberg with a rebound.
15:49 of 1st period - Slapshot by Brock McGinn.
15:49 of 1st period - Goal by Brock McGinn - Harfangs : 1 - Diables : 3.
15:50 of 1st period - Oscar Sundqvist wins face-off versus Louis Leblanc in neutral zone.
16:17 of 1st period - Tobias Rieder is hit by Dylan Olsen and loses puck.
16:28 of 1st period - Snap shot by Michael Bournival.
16:28 of 1st period - Stopped by Eric Comrie with a rebound.
17:18 of 1st period - Morgan Klimchuk is hit by Samuel Morin and loses puck.
17:33 of 1st period - Slapshot by Morgan Klimchuk.
17:33 of 1st period - Stopped by Eric Comrie with a rebound.
17:57 of 1st period - Minor Penalty to Calle Jarnkrok for Roughing.
17:58 of 1st period - Tyler Randell wins face-off versus Tim Schaller in Harfangs zone.
18:10 of 1st period - Tim Schaller is hit by Tyler Randell and loses puck.
18:23 of 1st period - Minor Penalty to Mark Jankowski for Slashing.
18:24 of 1st period - Tim Schaller wins face-off versus Tyler Randell in Diables zone.
18:34 of 1st period - Off-side.
18:35 of 1st period - Tyler Randell wins face-off versus Tim Schaller in neutral zone.
18:40 of 1st period - Wrist shot by Michael Bournival.
18:40 of 1st period - Stopped by Eric Comrie without a rebound.
18:41 of 1st period - Tyler Randell wins face-off versus Tim Schaller in Diables zone.
18:44 of 1st period - Slapshot by Tyler Randell.
18:44 of 1st period - Goal by Tyler Randell - Harfangs : 2 - Diables : 3.
18:45 of 1st period - Tim Schaller wins face-off versus Michael Bournival in neutral zone.
19:02 of 1st period - Samuel Morin is hit by Dylan Olsen and loses puck.
19:22 of 1st period - Snap shot by Tobias Rieder.
19:22 of 1st period - Shot Misses the Net.
19:24 of 1st period - Slapshot by Carl Gunnarsson.
19:24 of 1st period - Shot Blocked by Michael Bournival.
19:26 of 1st period - Backhand shot by Tobias Rieder.
19:26 of 1st period - Stopped by Anton Forsberg without a rebound.
19:27 of 1st period - Andreas Martinsen wins face-off versus Brock McGinn in Harfangs zone.
19:57 of 1st period - Penalty to Calle Jarnkrok is over, Calle Jarnkrok is back on ice.
Goals for this period are 2 for Harfangs vs 3 for Diables.
Shots for this period are 10 for Harfangs vs 18 for Diables.

2nd period


0:01 of 2nd period - Tim Schaller wins face-off versus Calle Jarnkrok in neutral zone.
0:14 of 2nd period - Snap shot by Tyler Randell.
0:14 of 2nd period - Shot Misses the Net.
0:16 of 2nd period - Wrist shot by Michael Bournival.
0:16 of 2nd period - Shot Misses the Net.
0:23 of 2nd period - Penalty to Mark Jankowski is over, Mark Jankowski is back on ice.
0:26 of 2nd period - Oscar Sundqvist is hit by Samuel Morin and loses puck.
0:33 of 2nd period - Slapshot by Reid McNeill.
0:33 of 2nd period - Stopped by Eric Comrie with a rebound.
0:45 of 2nd period - Wrist shot by Tim Schaller.
0:45 of 2nd period - Shot Misses the Net.
0:51 of 2nd period - Snap shot by Tim Schaller.
0:51 of 2nd period - Stopped by Anton Forsberg with a rebound.
0:53 of 2nd period - Wrist shot by Tobias Rieder.
0:53 of 2nd period - Shot Blocked by Jake Dotchin.
0:55 of 2nd period - Slapshot by Samuel Morin.
0:55 of 2nd period - Stopped by Anton Forsberg without a rebound.
0:56 of 2nd period - Daniel Zaar wins face-off versus Calle Jarnkrok in Harfangs zone.
1:05 of 2nd period - Wrist shot by Tyler Randell.
1:05 of 2nd period - Shot Misses the Net.
1:07 of 2nd period - Wrist shot by Calle Jarnkrok.
1:07 of 2nd period - Stopped by Eric Comrie with a rebound.
1:09 of 2nd period - Wrist shot by Reid McNeill.
1:09 of 2nd period - Shot Misses the Net.
1:11 of 2nd period - Slapshot by Reid McNeill.
1:11 of 2nd period - Stopped by Eric Comrie without a rebound.
1:12 of 2nd period - Frederik Gauthier wins face-off versus Oscar Sundqvist in Diables zone.
1:21 of 2nd period - Snap shot by Oscar Sundqvist.
1:21 of 2nd period - Stopped by Eric Comrie without a rebound.
1:22 of 2nd period - Oscar Sundqvist wins face-off versus Mikko Lehtonen in Diables zone.
1:33 of 2nd period - Slapshot by Christian Thomas.
1:33 of 2nd period - Shot Misses the Net.
1:35 of 2nd period - Wrist shot by Christian Thomas.
1:35 of 2nd period - Shot Misses the Net.
1:37 of 2nd period - Snap shot by Mikko Lehtonen.
1:37 of 2nd period - Shot Misses the Net.
1:43 of 2nd period - Snap shot by Mikko Lehtonen.
1:43 of 2nd period - Stopped by Anton Forsberg with a rebound.
2:08 of 2nd period - Slapshot by Oscar Sundqvist.
2:08 of 2nd period - Stopped by Eric Comrie without a rebound.
2:09 of 2nd period - Tim Schaller wins face-off versus Calle Jarnkrok in Diables zone.
2:57 of 2nd period - Nicolas Aube-Kubel is hit by Devon Teows and loses puck.
3:14 of 2nd period - Wrist shot by Morgan Klimchuk.
3:14 of 2nd period - Stopped by Eric Comrie with a rebound.
3:16 of 2nd period - Snap shot by Nick Sorensen.
3:16 of 2nd period - Stopped by Eric Comrie with a rebound.
3:26 of 2nd period - Brett Lernout is hit by Cristoval Nieves and loses puck.
3:49 of 2nd period - Slapshot by Will Butcher.
3:49 of 2nd period - Shot Blocked by Ryan Hartman.
4:05 of 2nd period - Slapshot by Tyler Randell.
4:05 of 2nd period - Shot Misses the Net.
4:07 of 2nd period - Minor Penalty to Daniel Zaar for Slashing.
4:08 of 2nd period - Calle Jarnkrok wins face-off versus Tim Schaller in Diables zone.
5:47 of 2nd period - Michael Bournival is hit by Carl Gunnarsson and loses puck.
6:07 of 2nd period - Penalty to Daniel Zaar is over, Daniel Zaar is back on ice.
6:22 of 2nd period - Backhand shot by Mark Jankowski.
6:22 of 2nd period - Shot Misses the Net.
8:37 of 2nd period - Off-side.
8:38 of 2nd period - Louis Leblanc wins face-off versus Laurent Dauphin in neutral zone.
8:41 of 2nd period - Morgan Klimchuk is hit by Louis Leblanc and loses puck.
8:46 of 2nd period - Wrist shot by Daniel Zaar.
8:46 of 2nd period - Goal by Daniel Zaar - Harfangs : 2 - Diables : 4.
8:47 of 2nd period - Tim Schaller wins face-off versus Calle Jarnkrok in neutral zone.
9:06 of 2nd period - Michael Bournival is hit by Tim Schaller and loses puck.
9:27 of 2nd period - Wrist shot by Daniel Zaar.
9:27 of 2nd period - Stopped by Anton Forsberg with a rebound.
9:29 of 2nd period - Snap shot by Zac Leslie.
9:29 of 2nd period - Stopped by Anton Forsberg without a rebound.
9:30 of 2nd period - Cristoval Nieves wins face-off versus Frederik Gauthier in Harfangs zone.
10:19 of 2nd period - Ryan Hartman is hit by Brandon Prust and loses puck.
10:24 of 2nd period - Snap shot by Brandon Prust.
10:24 of 2nd period - Stopped by Anton Forsberg without a rebound.
10:25 of 2nd period - Calle Jarnkrok wins face-off versus Tim Schaller in Harfangs zone.
11:01 of 2nd period - Slapshot by Brandon Prust.
11:01 of 2nd period - Deflect By Louis Leblanc.
11:01 of 2nd period - Shot Misses the Net.
11:01 of 2nd period - Puck is out of play.
11:02 of 2nd period - Calle Jarnkrok wins face-off versus Louis Leblanc in Harfangs zone.
11:07 of 2nd period - Wrist shot by Calle Jarnkrok.
11:07 of 2nd period - Stopped by Eric Comrie with a rebound.
11:51 of 2nd period - Dylan Olsen is hit by Mikko Lehtonen and loses puck.
12:12 of 2nd period - Reid McNeill is hit by Chris Bigras and loses puck.
12:31 of 2nd period - Snap shot by Andreas Martinsen.
12:31 of 2nd period - Shot Blocked by Daniel Zaar.
12:50 of 2nd period - Minor Penalty to Brett Lernout for Hooking.
12:51 of 2nd period - Tim Schaller wins face-off versus Calle Jarnkrok in Diables zone.
13:05 of 2nd period - Off-side.
13:06 of 2nd period - Calle Jarnkrok wins face-off versus Tim Schaller in neutral zone.
13:31 of 2nd period - Dylan Olsen is hit by Tim Schaller and loses puck.
13:46 of 2nd period - Snap shot by Brock McGinn.
13:46 of 2nd period - Shot Blocked by Tyler Randell.
13:52 of 2nd period - Carl Gunnarsson is hit by Reid McNeill and loses puck.
14:02 of 2nd period - Icing by Reid McNeill.
14:03 of 2nd period - Calle Jarnkrok wins face-off versus Tim Schaller in Harfangs zone.
14:22 of 2nd period - Icing by Dylan Olsen.
14:23 of 2nd period - Calle Jarnkrok wins face-off versus Tim Schaller in Harfangs zone.
14:38 of 2nd period - Snap shot by Andreas Martinsen.
14:38 of 2nd period - Shot Misses the Net.
14:50 of 2nd period - Penalty to Brett Lernout is over, Brett Lernout is back on ice.
15:03 of 2nd period - Slapshot by Mikko Lehtonen.
15:03 of 2nd period - Stopped by Anton Forsberg with a rebound.
15:05 of 2nd period - Snap shot by Mikko Lehtonen.
15:05 of 2nd period - Deflect By Christian Thomas.
15:05 of 2nd period - Goal by Christian Thomas - Harfangs : 2 - Diables : 5.
15:06 of 2nd period - Oscar Sundqvist wins face-off versus Tim Schaller in neutral zone.
15:22 of 2nd period - Minor Penalty to Ryan Hartman for Roughing.
15:23 of 2nd period - Tim Schaller wins face-off versus Tyler Randell in Harfangs zone.
15:38 of 2nd period - Snap shot by Brock McGinn.
15:38 of 2nd period - Stopped by Anton Forsberg with a rebound.
16:28 of 2nd period - Tobias Rieder is hit by Mark Alt and loses puck.
17:22 of 2nd period - Penalty to Ryan Hartman is over, Ryan Hartman is back on ice.
17:23 of 2nd period - Jake Dotchin is hit by Will Butcher and loses puck.
18:15 of 2nd period - Icing by Erik Nystrom.
18:16 of 2nd period - Frederik Gauthier wins face-off versus Cristoval Nieves in Harfangs zone.
18:32 of 2nd period - Minor Penalty to Erik Nystrom for Cross-checking.
18:33 of 2nd period - Tim Schaller wins face-off versus Tyler Randell in Harfangs zone.
18:42 of 2nd period - Snap shot by Tim Schaller.
18:42 of 2nd period - Shot Misses the Net.
19:03 of 2nd period - Icing by Tobias Rieder.
19:04 of 2nd period - Andreas Martinsen wins face-off versus Mark Jankowski in Diables zone.
19:08 of 2nd period - Minor Penalty to Mark Jankowski for Charging.
19:09 of 2nd period - Tyler Randell wins face-off versus Tim Schaller in Diables zone.
19:13 of 2nd period - Slapshot by Tyler Randell.
19:13 of 2nd period - Shot Misses the Net.
19:31 of 2nd period - Minor Penalty to Tyler Randell for Hooking.
19:32 of 2nd period - JC Lipon wins face-off versus Tim Schaller in Harfangs zone.
19:32 of 2nd period - JC Lipon is hit by Tobias Rieder.
19:38 of 2nd period - Snap shot by Tobias Rieder.
19:38 of 2nd period - Shot Blocked by Reid McNeill.
19:40 of 2nd period - Snap shot by Tobias Rieder.
19:40 of 2nd period - Stopped by Anton Forsberg without a rebound.
19:41 of 2nd period - JC Lipon wins face-off versus Tim Schaller in Harfangs zone.
19:41 of 2nd period - JC Lipon is hit by Tim Schaller.
19:59 of 2nd period - Slapshot by Tobias Rieder.
19:59 of 2nd period - Stopped by Anton Forsberg with a rebound.
Goals for this period are 0 for Harfangs vs 2 for Diables.
Shots for this period are 8 for Harfangs vs 12 for Diables.

3rd period


0:01 of 3rd period - Tim Schaller wins face-off versus JC Lipon in neutral zone.
0:32 of 3rd period - Penalty to Erik Nystrom is over, Erik Nystrom is back on ice.
0:43 of 3rd period - Wrist shot by Michael Bournival.
0:43 of 3rd period - Stopped by Eric Comrie with a rebound.
0:45 of 3rd period - Snap shot by Michael Bournival.
0:45 of 3rd period - Stopped by Eric Comrie without a rebound.
0:46 of 3rd period - Brandon Prust wins face-off versus Brendan Leipsic in Diables zone.
1:08 of 3rd period - Penalty to Mark Jankowski is over, Mark Jankowski is back on ice.
1:11 of 3rd period - Slapshot by Will Butcher.
1:11 of 3rd period - Shot Blocked by Mark Alt.
1:13 of 3rd period - Wrist shot by Tim Schaller.
1:13 of 3rd period - Shot Misses the Net.
1:15 of 3rd period - Snap shot by Tim Schaller.
1:15 of 3rd period - Deflect By Mark Jankowski.
1:15 of 3rd period - Goal by Mark Jankowski - Harfangs : 2 - Diables : 6.
1:16 of 3rd period - Louis Leblanc wins face-off versus Calle Jarnkrok in neutral zone.
1:27 of 3rd period - Snap shot by Dylan Olsen.
1:27 of 3rd period - Deflect By Daniel Zaar.
1:27 of 3rd period - Stopped by Eric Comrie without a rebound.
1:28 of 3rd period - Calle Jarnkrok wins face-off versus Tobias Rieder in Diables zone.
3:01 of 3rd period - Slapshot by Dylan Olsen.
3:01 of 3rd period - Shot Blocked by Zac Leslie.
3:05 of 3rd period - Wrist shot by Dylan Olsen.
3:05 of 3rd period - Stopped by Eric Comrie without a rebound.
3:06 of 3rd period - Louis Leblanc wins face-off versus Calle Jarnkrok in Diables zone.
3:10 of 3rd period - Brandon Prust beats up Tyler Randell.
3:10 of 3rd period - Penalty to Brandon Prust for Fighting.
3:10 of 3rd period - Penalty to Tyler Randell for Fighting.
3:11 of 3rd period - Tim Schaller wins face-off versus Calle Jarnkrok in Harfangs zone.
3:27 of 3rd period - Minor Penalty to Brock McGinn for Elbowing.
3:28 of 3rd period - Tim Schaller wins face-off versus Calle Jarnkrok in Diables zone.
3:36 of 3rd period - Snap shot by Tim Schaller.
3:36 of 3rd period - Shot Misses the Net.
3:42 of 3rd period - Slapshot by Dylan Olsen.
3:42 of 3rd period - Shot Blocked by Tim Schaller.
3:44 of 3rd period - Slapshot by Reid McNeill.
3:44 of 3rd period - Deflect By Calle Jarnkrok.
3:44 of 3rd period - Shot Misses the Net.
3:44 of 3rd period - Puck is out of play.
3:45 of 3rd period - Calle Jarnkrok wins face-off versus Tim Schaller in Diables zone.
3:48 of 3rd period - Snap shot by Calle Jarnkrok.
3:48 of 3rd period - Stopped by Eric Comrie with a rebound.
4:21 of 3rd period - Snap shot by Dylan Olsen.
4:21 of 3rd period - Stopped by Eric Comrie with a rebound.
4:23 of 3rd period - Wrist shot by Andreas Martinsen.
4:23 of 3rd period - Shot Misses the Net.
5:10 of 3rd period - Christian Thomas is hit by Calle Jarnkrok and loses puck.
5:27 of 3rd period - Penalty to Brock McGinn is over, Brock McGinn is back on ice.
5:41 of 3rd period - Slapshot by Cristoval Nieves.
5:41 of 3rd period - Stopped by Eric Comrie without a rebound.
5:42 of 3rd period - Cristoval Nieves wins face-off versus Louis Leblanc in Diables zone.
6:08 of 3rd period - Brett Lernout is hit by Oscar Sundqvist and loses puck.
6:29 of 3rd period - Snap shot by Laurent Dauphin.
6:29 of 3rd period - Stopped by Eric Comrie with a rebound.
6:31 of 3rd period - Wrist shot by Nick Sorensen.
6:31 of 3rd period - Shot Misses the Net.
6:49 of 3rd period - Wrist shot by Calle Jarnkrok.
6:49 of 3rd period - Stopped by Eric Comrie without a rebound.
6:50 of 3rd period - Calle Jarnkrok wins face-off versus Frederik Gauthier in Diables zone.
6:51 of 3rd period - Wrist shot by Michael Bournival.
6:51 of 3rd period - Stopped by Eric Comrie with a rebound.
6:53 of 3rd period - Snap shot by Calle Jarnkrok.
6:53 of 3rd period - Shot Misses the Net.
6:59 of 3rd period - Wrist shot by Calle Jarnkrok.
6:59 of 3rd period - Deflect By Michael Bournival.
6:59 of 3rd period - Stopped by Eric Comrie with a rebound.
7:01 of 3rd period - Snap shot by Michael Bournival.
7:01 of 3rd period - Shot Misses the Net.
7:03 of 3rd period - Snap shot by Brendan Leipsic.
7:03 of 3rd period - Goal by Brendan Leipsic - Harfangs : 3 - Diables : 6.
7:04 of 3rd period - Calle Jarnkrok wins face-off versus Tim Schaller in neutral zone.
7:11 of 3rd period - Reid McNeill is hit by Carl Gunnarsson and loses puck.
7:35 of 3rd period - Snap shot by Mark Alt.
7:35 of 3rd period - Stopped by Eric Comrie without a rebound.
7:36 of 3rd period - Oscar Sundqvist wins face-off versus Mark Jankowski in Diables zone.
7:47 of 3rd period - Wrist shot by Oscar Sundqvist.
7:47 of 3rd period - Deflect By Ryan Hartman.
7:47 of 3rd period - Stopped by Eric Comrie without a rebound.
7:48 of 3rd period - Calle Jarnkrok wins face-off versus Tim Schaller in Diables zone.
7:53 of 3rd period - Snap shot by Michael Bournival.
7:53 of 3rd period - Deflect By Tobias Rieder.
7:53 of 3rd period - Shot Blocked by Carl Gunnarsson.
7:53 of 3rd period - Puck is out of play.
7:54 of 3rd period - Tim Schaller wins face-off versus Calle Jarnkrok in Diables zone.
8:21 of 3rd period - Snap shot by Daniel Zaar.
8:21 of 3rd period - Shot Misses the Net.
8:40 of 3rd period - Off-side.
8:41 of 3rd period - Frederik Gauthier wins face-off versus Cristoval Nieves in neutral zone.
8:55 of 3rd period - Minor Penalty to Zac Leslie for Hooking.
8:56 of 3rd period - Calle Jarnkrok wins face-off versus Tim Schaller in Diables zone.
8:57 of 3rd period - Snap shot by Michael Bournival.
8:57 of 3rd period - Stopped by Eric Comrie without a rebound.
8:58 of 3rd period - Calle Jarnkrok wins face-off versus Tobias Rieder in Diables zone.
9:09 of 3rd period - Snap shot by Michael Bournival.
9:09 of 3rd period - Shot Misses the Net.
9:13 of 3rd period - Snap shot by Tyler Randell.
9:13 of 3rd period - Stopped by Eric Comrie with a rebound.
9:40 of 3rd period - Icing by Ryan Hartman.
9:41 of 3rd period - Tim Schaller wins face-off versus Oscar Sundqvist in Harfangs zone.
10:00 of 3rd period - Slapshot by Tyler Randell.
10:00 of 3rd period - Goal by Tyler Randell - Harfangs : 4 - Diables : 6.
10:01 of 3rd period - Calle Jarnkrok wins face-off versus Louis Leblanc in neutral zone.
10:14 of 3rd period - Wrist shot by Michael Bournival.
10:14 of 3rd period - Deflect By Tyler Randell.
10:14 of 3rd period - Stopped by Eric Comrie without a rebound.
10:15 of 3rd period - Calle Jarnkrok wins face-off versus Tim Schaller in Diables zone.
10:18 of 3rd period - Snap shot by Calle Jarnkrok.
10:18 of 3rd period - Stopped by Eric Comrie without a rebound.
10:19 of 3rd period - Tim Schaller wins face-off versus Calle Jarnkrok in Diables zone.
10:21 of 3rd period - Minor Penalty to Tobias Rieder for Hooking.
10:22 of 3rd period - Calle Jarnkrok wins face-off versus Tim Schaller in Diables zone.
10:24 of 3rd period - Wrist shot by Michael Bournival.
10:24 of 3rd period - Stopped by Eric Comrie with a rebound.
10:28 of 3rd period - Snap shot by Michael Bournival.
10:28 of 3rd period - Stopped by Eric Comrie with a rebound.
10:30 of 3rd period - Wrist shot by Michael Bournival.
10:30 of 3rd period - Deflect By Calle Jarnkrok.
10:30 of 3rd period - Shot Misses the Net.
10:30 of 3rd period - Puck is out of play.
10:31 of 3rd period - Tim Schaller wins face-off versus Calle Jarnkrok in Diables zone.
11:24 of 3rd period - Tyler Randell is hit by Mark Jankowski.
11:52 of 3rd period - Wrist shot by Michael Bournival.
11:52 of 3rd period - Stopped by Eric Comrie with a rebound.
11:58 of 3rd period - Slapshot by Michael Bournival.
11:58 of 3rd period - Goal by Michael Bournival - Harfangs : 5 - Diables : 6.
11:59 of 3rd period - Oscar Sundqvist wins face-off versus Tim Schaller in neutral zone.
12:12 of 3rd period - Wrist shot by Oscar Sundqvist.
12:12 of 3rd period - Shot Misses the Net.
12:31 of 3rd period - Wrist shot by Oscar Sundqvist.
12:31 of 3rd period - Shot Misses the Net.
12:41 of 3rd period - Snap shot by Tobias Rieder.
12:41 of 3rd period - Stopped by Anton Forsberg without a rebound.
12:42 of 3rd period - Cristoval Nieves wins face-off versus Daniel Zaar in Harfangs zone.
13:09 of 3rd period - Morgan Klimchuk is hit by Frederik Gauthier and loses puck.
13:30 of 3rd period - Cristoval Nieves is hit by Mark Jankowski and loses puck.
13:43 of 3rd period - Dylan Olsen is hit by Tim Schaller.
15:04 of 3rd period - Wrist shot by Calle Jarnkrok.
15:04 of 3rd period - Shot Misses the Net.
15:06 of 3rd period - Snap shot by Tyler Randell.
15:06 of 3rd period - Stopped by Eric Comrie with a rebound.
15:08 of 3rd period - Snap shot by Tyler Randell.
15:08 of 3rd period - Shot Blocked by C.J Suess.
15:10 of 3rd period - Slapshot by Jake Dotchin.
15:10 of 3rd period - Deflect By Brett Lernout.
15:10 of 3rd period - Stopped by Eric Comrie with a rebound.
15:12 of 3rd period - Slapshot by Michael Bournival.
15:12 of 3rd period - Stopped by Eric Comrie with a rebound.
15:48 of 3rd period - Slapshot by Michael Bournival.
15:48 of 3rd period - Stopped by Eric Comrie without a rebound.
15:49 of 3rd period - Cristoval Nieves wins face-off versus Frederik Gauthier in Diables zone.
15:49 of 3rd period - Cristoval Nieves is hit by Samuel Morin.
16:31 of 3rd period - Minor Penalty to Blake Heinrich for Holding.
16:32 of 3rd period - Mark Jankowski wins face-off versus JC Lipon in Harfangs zone.
16:36 of 3rd period - Snap shot by Tobias Rieder.
16:36 of 3rd period - Shot Misses the Net.
16:38 of 3rd period - Slapshot by Zac Leslie.
16:38 of 3rd period - Deflect By Mark Jankowski.
16:38 of 3rd period - Goal by Mark Jankowski - Harfangs : 5 - Diables : 7.
16:39 of 3rd period - Cristoval Nieves wins face-off versus Frederik Gauthier in neutral zone.
17:07 of 3rd period - Minor Penalty to Dylan Olsen for Boarding.
17:08 of 3rd period - Tyler Randell wins face-off versus Tim Schaller in Harfangs zone.
17:12 of 3rd period - Off-side.
17:13 of 3rd period - Tim Schaller wins face-off versus Tyler Randell in neutral zone.
17:28 of 3rd period - Brock McGinn is hit by Tyler Randell and loses puck.
18:07 of 3rd period - Brandon Prust is hit by Mark Alt and loses puck.
19:07 of 3rd period - Penalty to Dylan Olsen is over, Dylan Olsen is back on ice.
19:12 of 3rd period - Andreas Martinsen is hit by Nicolas Aube-Kubel and loses puck.
19:17 of 3rd period - Wrist shot by Daniel Zaar.
19:17 of 3rd period - Shot Hit the Post.
19:51 of 3rd period - Snap shot by Calle Jarnkrok.
19:51 of 3rd period - Stopped by Eric Comrie with a rebound.
Goals for this period are 3 for Harfangs vs 2 for Diables.
Shots for this period are 28 for Harfangs vs 3 for Diables.